 Dungeon Crawl Stone Soup version 0.31.0-32-g396128a36d (webtiles) character file.

Game seed: 8185261787332599562

266 AdnanSaban the Trooper (level 6, -5/39 HPs)
             Began as a Gargoyle Fighter on Apr 12, 2024.
             Slain by a bullfrog (7 damage)
             ... in a sewer on Apr 13, 2024.
             The game lasted 00:03:17 (1880 turns).

AdnanSaban the Trooper (Gargoyle Fighter)           Turns: 1880, Time: 00:03:17

Health: -5/39      AC: 12    Str: 21    XL:     6   Next: 20%
Magic:  6/6        EV:  9    Int:  9    God:
Gold:   77         SH:  4    Dex:  9    Spells: 5/5 levels left

rFire   . . .        a - +0 flail
rCold   . . .        c - +0 buckler
rNeg    + . .        b - +0 scale mail
rPois   ∞            (no helmet)
rElec   +            (no cloak)
rCorr   .            (no gloves)
SInv    .            p - +0 pair of boots
Will    .....        (no amulet) Stlth
                     (no ring)
HPRegen 0.26/turn    (no ring)
MPRegen 0.10/turn

%: no passive effects
@: no status effects
A: sickness immunity, AC +4, negative energy resistance 1, electricity
resistance, torment resistance 1, petrification resistance
a: no special abilities


You were in a sewer.
You visited 1 branch of the dungeon, and saw 3 of its levels.
You also visited: Sewer.

You collected 77 gold pieces.

Inventory:

Hand Weapons
 a - a +0 flail (weapon)
Missiles
 q - 2 boomerangs (quivered)
Armour
 b - a +0 scale mail (worn)
 c - a +0 buckler (worn)
 p - a +0 pair of boots (worn)
Scrolls
 f - a scroll of blinking
 g - a scroll of fear {unknown}
 h - 3 scrolls of identify {unknown}
 i - a scroll of noise {unknown}
 k - a scroll of fog {unknown}
 m - a scroll of amnesia {unknown}
 o - a scroll of torment {unknown}
Potions
 d - a potion of might
 e - 3 potions of heal wounds {unknown}
 j - a potion of haste {unknown}
 l - 2 potions of curing {unknown}
 n - a potion of cancellation {unknown}


   Skills:
 + Level 4.4 Fighting
 + Level 4.1 Maces & Flails
 + Level 4.0 Armour
 + Level 1.5 Dodging
 + Level 4.2 Shields


You had 5 spell levels left.
You didn't know any spells.
Your spell library contained the following spells:

 Spells                   Type           Power      Damage    Failure   Level
 Vhi's Electric Charge    Tloc/Air       0%         N/A       100%        4
 Arcjolt                  Conj/Air       0%         1d10      100%        5
 Maxwell's Capacitive Co  Air            0%         ∞         100%        8


Dungeon Overview and Level Annotations

Branches:
Dungeon (3/15)              Sewer (1/1)

Altars:


Innate Abilities, Weirdness & Mutations

You are immune to sickness and miasma.
Your stone body is resilient. (AC +4)
You are immune to poison.
You resist negative energy. (rN+)
You are resistant to electric shocks. (rElec)
You are resistant to unholy torment.
You are immune to petrification.


Message History

The bullfrog hits you. The frilled lizard closely misses you.
You block the bullfrog's attack. The bullfrog barely misses you.
You completely miss the bullfrog.
The bullfrog is severely wounded.
The bullfrog hits you.
The bullfrog releases a deep croak.
The bullfrog hits you!
* * * LOW HITPOINT WARNING * * *
The frilled lizard bites you but does no damage.
The bullfrog barely misses you. The bullfrog closely misses you.
The frilled lizard completely misses you.
You hit the bullfrog.
The bullfrog is severely wounded.
The bullfrog closely misses you. x2; You block the bullfrog's attack.
The frilled lizard bites you but does no damage.
The bullfrog hits you but does no damage.
You sock the bullfrog!
You kill the bullfrog!
The bullfrog barely misses you.
The frilled lizard bites you but does no damage.
The bullfrog hits you but does no damage.
Your Maces & Flails skill increases to level 4!
Your Armour skill increases to level 4!
You have reached level 6!
You closely miss the bullfrog.
The bullfrog hits you but does no damage.
The frilled lizard barely misses you.
The bullfrog hits you but does no damage.
You hit the bullfrog but do no damage. The frilled lizard barely misses you.
The bullfrog hits you but does no damage.
The frilled lizard bites you but does no damage.
You hit the bullfrog.
The bullfrog is moderately wounded.
You block the bullfrog's attack. The bullfrog hits you.
* * * LOW HITPOINT WARNING * * *
The frilled lizard bites you but does no damage.
You closely miss the bullfrog.
The bullfrog is moderately wounded.
The bullfrog hits you!
You die...

#~~.#########~...~#
####..~†~~~~~.~####~~∩
##~~#~~.~~#####~†~~####
####~~~#######~∩.#†~.~~~~#
##~~~~~~~#..~~~..~####.~~~~
##.~~~#~~##...~~~.~~~.###~~~
#~~~~##~~#~~#######.~~~~##~~
##~~.##~~##.~#~.~≈≈###~~..##~
#~~~~#~~~#~~@F~~~~.≈ ##~~~~#~
##~~~##~~.#.†~l~~~~~~ ##~~.##
#..~~#~~~†#...~$~~~~~ #~~.~#
#∩.~~#~~.~#~..?[?.~~~ #~~~~#
#.~~†#~~~~#≈~~.:$)... #~~..#
##~~†##~~~##≈~~..~.~≈ ##~~.##
#~~.~#.~~†##≈≈~~~≈≈≈ ##~~~~#~
##~.~##~~~~###≈≈≈≈≈###~†..##~
#~~~~##.~~†~#######~.†~~##~~


You could see a bullfrog and a frilled lizard.

Vanquished Creatures
  A bullfrog (Sewer)
  A gnoll (D:1)
  8 adders
  5 dart slugs
  A ribbon worm (D:2)
  An orc (D:3)
  15 ball pythons
  13 endoplasms
  15 giant cockroaches
  4 goblins
  4 hobgoblins
  2 jackals (D:3)
  2 kobolds
  2 quokkas (D:1)
  8 bats
  11 frilled lizards
  11 rats
104 creatures vanquished.

Notes
Turn   | Place    | Note
-------+----------+-------------------------------------------
     0 | D:1      | AdnanSaban the Gargoyle Fighter began the quest for the
                  | Orb.
     0 | D:1      | Reached XP level 1. HP: 14/14 MP: 1/1
   187 | D:1      | Reached XP level 2. HP: 16/19 MP: 2/2
   359 | D:1      | Reached XP level 3. HP: 24/24 MP: 3/3
   875 | D:2      | Reached XP level 4. HP: 29/29 MP: 4/4
  1262 | D:3      | Reached skill level 1 in Dodging
  1303 | D:3      | Reached XP level 5. HP: 30/33 MP: 5/5
  1328 | D:3      | Found a glowing drain.
  1333 | Sewer    | Entered a sewer
  1877 | Sewer    | Reached XP level 6. HP: 5/39 MP: 6/6
  1880 | Sewer    | Slain by a bullfrog

Illustrated notes

Levels and vault maps discovered:
D:1:      orjb1_clovarrival, layout_loops_ring
D:2:      layout_basic, minmay_small_reverse_x
D:3:      layout_loops_ring, ashenzari_altar_1, makhleb_altar_promises_db,
          nicolae_ru_great_annihilating_truth,
          mainiacjoe_sewer_entry_somewhere_in_here_2,
          dreamdust_mushroom_princess, uniq_ijyb, uniq_robin
Sewer:    sewer_frog_island_02

Skill      XL: |  1  2  3  4  5 |
---------------+----------------+-----
Fighting       | 4 |  4.4
Maces & Flails | 3 4 |  4.1
Shields        | 4 |  4.2
Dodging        | 1 |  1.5
Armour         | 4 |  4.0

Action                     |  1- 3 |  4- 6 || total
---------------------------+-------+-------++-------
  Melee: Flail             |    81 |   350 ||   431
 Armour: Scale mail        |    82 |   338 ||   420
  Dodge: Dodged            |    59 |   236 ||   295
  Block: Buckler           |    19 |   108 ||   127
